 Dungeon Crawl Stone Soup version 0.21-a0-531-gacddea6 (webtiles) character file.

31 Amnesiac the Digger (level 3, 0/21 HPs)
             Began as a Deep Elf Earth Elementalist on Dec 13, 2017.
             Slain by a kobold
             ... wielding a +0 dagger of protection
              (4 damage)
             ... on level 2 of the Dungeon.
             The game lasted 00:02:13 (1066 turns).

Amnesiac the Digger (Deep Elf Earth Elementalist)   Turns: 1066, Time: 00:02:13

Health: 0/21       AC:  2    Str:  5    XL:     3   Next: 7%
Magic:  9/9        EV: 13    Int: 20    God:
Gold:   64         SH:  0    Dex: 15    Spells: 7/8 levels left

rFire    . . .     SeeInvis .   h - +0 short sword (vamp)
rCold    . . .     Gourm    .   (no shield)
rNeg     . . .     Faith    .   c - +0 robe
rPois    .         Spirit   .   (no helmet)
rElec    .         Reflect  .   (no cloak)
rCorr    .         Harm     .   (no gloves)
MR       .....                  (no boots)
Stlth    ++........             (no amulet)
HPRegen  0.07/turn              (no ring)
MPRegen  0.11/turn              (no ring)

@: no status effects
A: no striking features
a: no special abilities


You were on level 2 of the Dungeon.
You were not hungry.

You visited 1 branch of the dungeon, and saw 2 of its levels.

You collected 64 gold pieces.

Inventory:

Hand Weapons
 h - a +0 vampiric short sword (weapon)
Missiles
 b - 43 stones (quivered)
Armour
 c - a +0 robe (worn)
Scrolls
 f - 4 scrolls of identify {!r, unknown}
 g - a scroll of enchant armour {!r, unknown}
 i - 2 scrolls of immolation {!r, unknown}
 l - a scroll of teleportation {!r, unknown}
 m - a scroll of fear {!r, unknown}
 o - a scroll of fog {!r, unknown}
Potions
 k - a potion of heal wounds {!q, unknown}
Books
 e - a book of Geomancy

   Spells                             Type                      Level
   a - Sandblast                      Earth                        1
   b - Passwall                       Transmutation/Earth          2
   c - Stone Arrow                    Conjuration/Earth            3
   d - Petrify                        Transmutation/Earth          4
   e - Lee's Rapid Deconstruction     Earth                        5
 p - a book of Cantrips

   Spells                             Type                      Level
   a - Confusing Touch                Hexes                        1
   b - Animate Skeleton               Necromancy                   1
   c - Summon Small Mammal            Summoning                    1
   d - Apportation                    Translocation                1
Comestibles
 a - 2 meat rations
 d - 4 bread rations
 n - a fruit


   Skills:
 + Level 2.2 Fighting
 - Level 2.4 Dodging
 - Level 2.4 Stealth
 - Level 3.0 Spellcasting
   Level 1.1 Transmutations
 - Level 3.2 Earth Magic


You had 7 spell levels left.
You knew the following spells:

 Your Spells              Type           Power        Failure   Level  Hunger
a - Sandblast             Erth           ###...       3%          1    None


Dungeon Overview and Level Annotations

Branches:
Dungeon (2/15)

Altars:


Message History

Casting: Sandblast
Confirm with . or Enter, or press ? or * to list all spells.
You don't have enough magic to cast that spell.
Casting: Sandblast
Confirm with . or Enter, or press ? or * to list all spells.
You don't have enough magic to cast that spell.
Casting: Sandblast
Confirm with . or Enter, or press ? or * to list all spells.
You don't have enough magic to cast that spell.
Casting: Sandblast
Confirm with . or Enter, or press ? or * to list all spells.
You don't have enough magic to cast that spell.
Casting: Sandblast
Confirm with . or Enter, or press ? or * to list all spells.
You don't have enough magic to cast that spell.
Casting: Sandblast
Confirm with . or Enter, or press ? or * to list all spells.
Aiming: Sandblast
Press: ? - help, Shift-Dir - straight line, f - kobold
Aim: a kobold, wielding a dagger of protection The blast of sand hits the kobold.
b - 43 stones The kobold hits you with a dagger of protection.
* * * LOW HITPOINT WARNING * * *
Casting: Sandblast
Confirm with . or Enter, or press ? or * to list all spells.
You don't have enough magic to cast that spell.
Casting: Sandblast
Confirm with . or Enter, or press ? or * to list all spells.
You don't have enough magic to cast that spell.
Search for what [? for help]? weapon Unknown command.
Search for what [Enter for "weapon", or ? for help]?
The kobold hits you with a dagger of protection.
* * * LOW HITPOINT WARNING * * *
The kobold barely misses you.
All of the chunks of flesh in your inventory have rotted away.
You eat the royal jelly.
That royal jelly was delicious!
The kobold closely misses you.
You eat one of the 4 fruits.
That plum was delicious!
The kobold hits you with a dagger of protection.
* * * LOW HITPOINT WARNING * * *
You eat one of the 3 fruits.
Mmmm...
Yummy watermelon.
The kobold closely misses you.
You eat one of the 2 fruits.
Mmm - a full handful of sultanas!
The kobold misses you.
Things that are here:
a vampiric short sword; a kobold skeleton
h - a vampiric short sword The kobold barely misses you.
Wield which item (- for none, * to show all)? (? for menu, Esc to quit)
Really wield
h - a vampiric short sword?
You feel a dreadful hunger.
h - a +0 vampiric short sword (weapon)
The kobold hits you but does no damage.
You barely miss the kobold. The kobold hits you but does no damage.
You closely miss the kobold. The kobold closely misses you.
You hit the kobold but do no damage.
The kobold hits you with a dagger of protection.
* * * LOW HITPOINT WARNING * * *
You closely miss the kobold. The kobold barely misses you.
You hit the kobold but do no damage.
The kobold hits you with a dagger of protection.
You die...

######## #######.......
..........# ####.#......#
#.# ............# #.#
###..###...#########.###
###..####..#...........#
##.............K@..#.#.#
##..######.#..####.#.#.#
##..# ##.#..####.#.#.#######
....# #....................#
##..# #..#....###........#.#
##..# #..#.##.# #....##..#
...... ....#.##<###÷#......#
##........##.##.÷...#..##.##
...##### #.####..##..##.#


You could see a kobold.

Vanquished Creatures
  A leopard gecko (D:1)
  2 giant cockroaches
  A goblin (D:2)
  6 hobgoblins
  3 bats
  3 frilled lizards
  9 kobolds
  5 rats
30 creatures vanquished.

Notes
Turn   | Place    | Note
-------+----------+-------------------------------------------
     0 | D:1      | Amnesiac the Deep Elf Earth Elementalist began the quest for the Orb.
     0 | D:1      | Reached XP level 1. HP: 10/10 MP: 6/6
    57 | D:1      | Reached skill level 1 in Fighting
   267 | D:1      | Reached XP level 2. HP: 16/16 MP: 6/8
   902 | D:2      | Reached XP level 3. HP: 21/21 MP: 1/9
  1066 | D:2      | Slain by a kobold

Vault maps used:
D:1:      scummos_arrival_gate, kennysheep_boxes
D:2:      minmay_diamond_boxcup

Skill      XL: |  1  2 |
---------------+-------+-----
Fighting       | 1 2 |  2.2
Dodging        | |  2.4
Stealth        | |  2.4
Spellcasting   | |  3.0
Transmutations | |  1.1
Earth Magic    | |  3.2

Action                   || total
-------------------------++-------
Melee: Unarmed           ||     7
       Short sword       ||     5
 Cast: Sandblast         ||    46
  Eat: Fruit             ||     3
       Royal jelly       ||     1
Armor: Robe              ||     1
Dodge: Dodged            ||    26

Table legend:
 A = Spawn XP
 B = Non-spawn XP
 C = Spawn XP percentage of total XP
 D = Spawn monster count
 E = Non-spawn monster count
 F = Spawn count percentage of total count
 G = Total turns spent on level
                    A         B        C        D         E        F      G
               +---------+---------+-------+---------+---------+-------+---------
         Total |       0 |      45 |   0.0 |       0 |      30 |   0.0 |  1066
               +---------+---------+-------+---------+---------+-------+---------
           D:1 |       0 |      31 |   0.0 |       0 |      21 |   0.0 |   788
           D:2 |       0 |      14 |   0.0 |       0 |       9 |   0.0 |   278
               +---------+---------+-------+---------+---------+-------+---------
